 Dungeon Crawl Stone Soup version 0.30-a0-141-g30f27751c5 (webtiles) character file.

Game seed: 12381818978335466304

10423 qw the Cleaver (level 11, -2/71 HPs)
             Began as a Gargoyle Fighter on Sept 25, 2022.
             Was an Elder of Okawaru.
             Slain by Snorg (13 damage)
             ... on level 11 of the Dungeon.
             The game lasted 00:04:41 (9296 turns).

qw the Cleaver (Gargoyle Fighter)                   Turns: 9296, Time: 00:04:42

Health: -2/71      AC: 28    Str: 21    XL:     11   Next: 61%
Magic:  16/16      EV:  8    Int:  8    God:    Okawaru [****..]
Gold:   576        SH:  6    Dex:  9    Spells: 10/10 levels left

rFire   + . .      SeeInvis +    Y - +1 broad axe
rCold   + . .      Faith    .    c - +0 buckler
rNeg    + + .      Spirit   .    m - +1 plate armour
rPois   inf        Reflect  .    (no helmet)
rElec   +          Harm     .    s - scarf {repulsion}
rCorr   .          Rampage  .    r - +2 pair of gloves
Will    .....                    (no boots)
Stlth   ..........               i - amulet of regeneration
HPRegen 1.01/turn                p - ring "Wesoliv" {rC++ rN+ Str-2 Int-2 SInv}
MPRegen 0.15/turn                u - ring of fire

@: heroic, repel missiles
A: sickness immunity, AC +8, negative energy resistance 1, electricity
resistance, torment resistance 1, petrification resistance
a: Renounce Religion, Heroism, Finesse


You were on level 11 of the Dungeon.
You worshipped Okawaru.
Okawaru was greatly pleased with you.
You visited 1 branch of the dungeon, and saw 11 of its levels.

You collected 576 gold pieces.


Innate Abilities, Weirdness & Mutations

You are immune to sickness and miasma.
Your stone body is resilient. (AC +8)
You are immune to poison.
You resist negative energy. (rN+)
You are resistant to electric shocks. (rElec)
You are resistant to unholy torment.
You are immune to petrification.


   Skills:
 - Level 9.1(14.1) Fighting
 + Level 11.6(16.6) Axes
 - Level 4.1(9.1) Throwing
 - Level 7.1(12.1) Armour
 - Level 1.0(6.0) Dodging
 - Level 5.0(10.0) Shields
 + Level 6.7 Invocations


You had 10 spell levels left.
You didn't know any spells.
Your spell library was empty.

Inventory:

Hand Weapons
 f - a +0 morningstar
 Y - a +1 broad axe (weapon)
Missiles
 b - 2 boomerangs (quivered)
Armour
 c - a +0 buckler (worn)
 l - a +1 cloak
 m - a +1 plate armour (worn)
 q - the +3 ring mail of Geoxkim {rCorr Int+2}
   (You found it on level 4 of the Dungeon)

   Int:       It affects your intelligence (+2).
   rCorr:     It protects you from acid and corrosion.
 r - a +2 pair of gloves (worn)
 s - a scarf of repulsion (worn)
 x - a +2 cloak
Jewellery
 i - an amulet of regeneration (around neck)
 p - the ring "Wesoliv" (left hand) {rC++ rN+ Str-2 Int-2 SInv}
   (You found it on level 9 of the Dungeon)

   [ring of positive energy]

   Str:       It affects your strength (-2).
   Int:       It affects your intelligence (-2).
   rC:        It greatly protects you from cold.
   rN:        It protects you from negative energy.
   SInv:      It lets you see invisible.
 u - a ring of fire (right hand)
 v - a ring of positive energy
Scrolls
 k - 4 scrolls of identify
Potions
 a - a potion of lignification
 d - a potion of might
 e - a potion of magic
 g - a potion of attraction
 h - a potion of mutation
 o - a potion of resistance
 t - 2 potions of curing

Dungeon Overview and Level Annotations

Branches:
Dungeon (11/15)            Temple (0/1) D:6             Orc (0/2) D:10
   Lair: D:8-11

Altars:
Elyvilon
Gozag
Makhleb
Okawaru
Sif Muna
Uskayaw
Vehumet
Yredelemnul
Zin

Portals:
Trove: D:10 (give +3 ice dragon scales)

Annotations:
D:8 3 runed translucent doors, qw's ghost, novice GrFi
D:11 Snorg


Message History

Snorg is heavily wounded.
You barely miss Snorg.
Snorg is heavily wounded.
Snorg goes berserk!
You hit Snorg.
Snorg is heavily wounded.
Snorg bites you but does no damage. Snorg claws you but does no damage.
Snorg closely misses you.
You closely miss Snorg.
Snorg is heavily wounded.
Snorg completely misses you. Snorg claws you but does no damage.
Snorg claws you.
You hit Snorg.
Snorg is heavily wounded.
Snorg barely misses you. Snorg claws you but does no damage. Snorg misses you.
Snorg bites you. Snorg claws you but does no damage. You block Snorg's attack.
You hit Snorg but do no damage.
Snorg is heavily wounded.
Snorg bites you but does no damage. Snorg closely misses you. Snorg claws you.
You closely miss Snorg.
Snorg is heavily wounded.
You block Snorg's attack. Snorg claws you! Snorg claws you but does no damage.
You barely miss Snorg.
Snorg is heavily wounded.
Snorg bites you!! Snorg claws you but does no damage. x2
You barely miss Snorg.
Snorg is heavily wounded.
Snorg bites you but does no damage. You block Snorg's attack. Snorg claws you!
Snorg bites you! Snorg barely misses you. Snorg claws you!
9294 ||| DRINKING potion of heal wounds.
You feel much better. Snorg bites you but does no damage. Snorg claws you!
Snorg claws you but does no damage.
You hit Snorg.
Snorg is heavily wounded.
Snorg barely misses you. Snorg claws you but does no damage. Snorg claws you.
You slash Snorg!
Snorg is heavily wounded.
Snorg bites you. Snorg claws you!
You die...

#............# #..#
#...## #...........#.#
#..# ##..##
...##########.## #..#
##.## #..######..# #.##
##.##.....## ##)..
##....###.# #....
#######..####
#.######.##. #..>.....##
###.##.....##.
.####...@###......######.
#.#.T.......### ##
#.#)..##.#### #
#.........# #
......#..##..#
......##.## .# ......##.#
# ........(#
......##.T...<#


You could see Snorg (berserk).

Vanquished Creatures
  Josephine (D:10)
  An ugly thing (D:8)
  2 manticores
  Maggie (D:6)
  3 trolls
  A hornet (D:7)
  Sigmund (D:3)
  A shadow (D:10)
  5 wraiths (D:10)
  Eustachio (D:5)
  7 yaks (D:10)
  A wyvern (D:10)
  A steam dragon (D:9)
  A warg (D:10)
  3 acid dragons
  2 water moccasins
  4 orc warriors
  2 ice beasts
  A sky beast (D:6)
  3 ogres
  A hornet zombie (D:8)
  2 centaurs (D:11)
  3 phantoms
  Blork the orc (D:5)
  4 kobold brigands
  2 elf skeletons (D:4)
  An elf zombie (D:4)
  3 bullfrogs
  3 scorpions
  2 water moccasin zombies (D:4)
  A wyvern zombie (D:8)
  7 wights
  8 killer bees
  3 howler monkeys
  A centaur zombie (D:4)
  3 hounds
  4 jellies
  A human zombie (D:4)
  7 orc priests
  Ijyb (D:3)
  A bullfrog skeleton (D:4)
  A gnoll bouda (D:10)
  Jessica (D:2)
  2 iguanas (D:5)
  2 scorpion zombies (D:4)
  6 orc wizards
  2 hound zombies (D:4)
  5 gnolls (D:10)
  9 adders
  A shadow imp (D:7)
  A white imp (D:7)
  An ufetubus (D:4)
  An adder zombie (D:4)
  A worm (D:2)
  3 dart slugs
  19 orcs
  3 endoplasms (D:1)
  5 giant cockroaches
  4 goblins
  7 hobgoblins
  2 jackals (D:3)
  5 quokkas
  5 ball pythons
  9 bats
  3 frilled lizards
  24 kobolds
  An orc skeleton (D:4)
  An orc zombie (D:4)
  4 rats
229 creatures vanquished.

Vanquished Creatures (others)
  A withered plant (D:4)
1 creature vanquished.

Grand Total: 230 creatures vanquished

Notes
Turn   | Place    | Note
-------+----------+-------------------------------------------
     0 | D:1      | qw the Gargoyle Fighter began the quest for the Orb.
     0 | D:1      | Reached XP level 1. HP: 14/14 MP: 1/1
     0 | D:1      | 0 ||| qw: Version: 0.2-a-10-g399e6c4
     0 | D:1      | 0 ||| qw: Game counter: 218
     0 | D:1      | 0 ||| qw: Always use a shield: true
     0 | D:1      | 0 ||| qw: God list: Okawaru
     0 | D:1      | 0 ||| qw: Allow faded altars: false
     0 | D:1      | 0 ||| qw: Do Orc after D:15 true
     0 | D:1      | 0 ||| qw: Do second Lair branch before Depths: true
     0 | D:1      | 0 ||| qw: Lair rune preference: random
     0 | D:1      | 0 ||| qw: Plans: Normal, Zot:1-4, God:TSO, Crypt, Tomb,
                  | Pan, Slime:5, Hells, Abyss, Orb
     0 | D:1      | 0 ||| PLANNING D:1-11
    27 | D:1      | 27 ||| Stepping ~*~*~tactically~*~*~ (stealth).
    28 | D:1      | 28 ||| Stepping ~*~*~tactically~*~*~ (stealth).
    36 | D:1      | Reached skill level 2 in Axes
    64 | D:1      | 64 ||| Stepping ~*~*~tactically~*~*~ (stealth).
   127 | D:1      | Reached XP level 2. HP: 19/19 MP: 2/2
   197 | D:1      | 197 ||| Stepping ~*~*~tactically~*~*~ (stealth).
   284 | D:1      | 284 ||| DROPPING +0 club.
   376 | D:1      | 376 ||| Stepping ~*~*~tactically~*~*~ (stealth).
   382 | D:1      | 382 ||| Stepping ~*~*~tactically~*~*~ (stealth).
   383 | D:1      | 383 ||| Stepping ~*~*~tactically~*~*~ (stealth).
   645 | D:1      | Reached skill level 3 in Axes
   712 | D:1      | Found a faded altar of an unknown god.
   831 | D:1      | 831 ||| READING 2 scrolls labelled BABE QATUQ.
   857 | D:2      | 857 ||| STAIRDANCE
   862 | D:2      | 862 ||| STAIRDANCE
   865 | D:1      | Reached XP level 3. HP: 17/23 MP: 3/3
   973 | D:2      | Noticed Jessica
   981 | D:2      | Killed Jessica
   986 | D:2      | Reached XP level 4. HP: 19/28 MP: 4/4
  1092 | D:2      | 1092 ||| Stepping ~*~*~tactically~*~*~ (stealth).
  1093 | D:2      | 1093 ||| Stepping ~*~*~tactically~*~*~ (stealth).
  1098 | D:2      | 1098 ||| Stepping ~*~*~tactically~*~*~ (stealth).
  1221 | D:2      | Reached skill level 4 in Axes
  1740 | D:2      | 1740 ||| UPGRADING to amulet of regeneration.
  1745 | D:2      | 1745 ||| READING 6 scrolls labelled RIPLIO RERGHERAUMA.
  1746 | D:2      | 1746 ||| DRINKING 2 sedimented cyan potions.
  1747 | D:2      | 1747 ||| READING 5 scrolls of identify.
  1747 | D:2      | 1747 ||| IDENTIFYING fuming grey potion
  1748 | D:2      | 1748 ||| READING 4 scrolls of identify.
  1748 | D:2      | 1748 ||| IDENTIFYING golden potion
  1775 | D:3      | 1775 ||| STAIRDANCE
  2147 | D:3      | 2147 ||| Stepping ~*~*~tactically~*~*~ (stealth).
  2148 | D:3      | 2148 ||| Stepping ~*~*~tactically~*~*~ (stealth).
  2215 | D:3      | Noticed Sigmund
  2227 | D:3      | Killed Sigmund
  2228 | D:3      | Reached skill level 5 in Axes
  2228 | D:3      | Reached XP level 5. HP: 32/32 MP: 5/5
  2228 | D:3      | Reached XP level 6. HP: 37/37 MP: 6/6
  2230 | D:3      | 2230 ||| Stepping ~*~*~tactically~*~*~ (stealth).
  2521 | D:3      | Noticed Ijyb
  2522 | D:3      | 2522 ||| Stepping ~*~*~tactically~*~*~ (stealth).
  2532 | D:3      | Killed Ijyb
  2533 | D:3      | Reached skill level 1 in Dodging
  2538 | D:3      | Reached skill level 6 in Axes
  2737 | D:3      | 2737 ||| UPGRADING to +0 cloak.
  2742 | D:3      | 2742 ||| UPGRADING to +0 pair of gloves.
  2747 | D:3      | 2747 ||| READING scroll labelled FARRUECVUNG.
  2748 | D:3      | 2748 ||| READING scroll labelled IGUIPN LECEFI.
  2749 | D:3      | 2749 ||| READING 3 scrolls labelled XOUDUE LETARU.
  2750 | D:3      | 2750 ||| DROPPING 2 scrolls of butterflies.
  2771 | D:4      | 2771 ||| PLANNING OSSUARY
  2777 | D:4      | Reached XP level 7. HP: 42/43 MP: 7/7
  3005 | D:4      | 3005 ||| Stepping ~*~*~tactically~*~*~ (stealth).
  3029 | D:4      | Reached skill level 7 in Axes
  3143 | D:4      | Reached XP level 8. HP: 49/49 MP: 8/8
  3200 | D:4      | Identified the +3 ring mail of Geoxkim {rCorr Int+2}
  3299 | D:4      | Found an iron altar of Okawaru.
  3348 | D:4      | 3348 ||| RIP OSSUARY
  3390 | D:4      | 3390 ||| PLANNING OKAWARU WORSHIP
  3390 | D:4      | 3390 ||| FLEEEEING.
  3391 | D:4      | 3391 ||| FLEEEEING.
  3392 | D:4      | 3392 ||| FLEEEEING.
  3393 | D:4      | 3393 ||| FLEEEEING.
  3394 | D:4      | 3394 ||| FLEEEEING.
  3402 | D:4      | 3402 ||| FLEEEEING.
  3403 | D:4      | 3403 ||| FLEEEEING.
  3404 | D:4      | 3404 ||| FLEEEEING.
  3405 | D:4      | 3405 ||| FLEEEEING.
  3406 | D:4      | 3406 ||| FLEEEEING.
  3414 | D:4      | 3414 ||| FLEEEEING.
  3418 | D:4      | 3418 ||| STAIRDANCE
  3420 | D:3      | 3420 ||| DROPPING +2 robe of fire resistance.
  3421 | D:3      | 3421 ||| UPGRADING to +0 plate armour.
  3431 | D:3      | 3431 ||| DROPPING +0 scale mail.
  3432 | D:3      | 3432 ||| READING 2 scrolls labelled ATOLUL JAHO.
  3433 | D:3      | 3433 ||| DRINKING 2 cyan potions.
  3434 | D:3      | 3434 ||| DROPPING scroll of blinking.
  3435 | D:3      | 3435 ||| DROPPING potion of flight.
  3438 | D:4      | 3438 ||| STAIRDANCE
  3442 | D:4      | 3442 ||| STAIRDANCE
  3446 | D:4      | 3446 ||| STAIRDANCE
  3450 | D:4      | 3450 ||| STAIRDANCE
  3454 | D:4      | 3454 ||| STAIRDANCE
  3460 | D:4      | 3460 ||| STAIRDANCE
  3466 | D:4      | 3466 ||| STAIRDANCE
  3474 | D:4      | 3474 ||| STAIRDANCE
  3478 | D:4      | 3478 ||| STAIRDANCE
  3482 | D:4      | 3482 ||| STAIRDANCE
  3486 | D:4      | 3486 ||| STAIRDANCE
  3490 | D:4      | 3490 ||| STAIRDANCE
  3494 | D:4      | 3494 ||| STAIRDANCE
  3498 | D:4      | 3498 ||| STAIRDANCE
  3502 | D:4      | 3502 ||| STAIRDANCE
  3506 | D:4      | 3506 ||| STAIRDANCE
  3510 | D:4      | 3510 ||| STAIRDANCE
  3514 | D:4      | 3514 ||| STAIRDANCE
  3518 | D:4      | 3518 ||| STAIRDANCE
  3565 | D:4      | Became a worshipper of Warmaster Okawaru
  3566 | D:4      | 3566 ||| PLANNING D:1-11
  3652 | D:4      | Found a shimmering blue altar of Sif Muna.
  3652 | D:4      | Found a hide-covered altar of Uskayaw.
  3741 | D:4      | Reached skill level 1 in Throwing
  3922 | D:5      | Entered Level 5 of the Dungeon
  3922 | D:5      | Noticed Blork the orc
  3923 | D:5      | 3923 ||| STAIRDANCE
  3949 | D:5      | Killed Blork the orc
  3950 | D:5      | Reached skill level 8 in Axes
  3996 | D:5      | Reached * piety under Okawaru
  4039 | D:5      | Reached skill level 1 in Invocations
  4102 | D:5      | Found a glowing silver altar of Zin.
  4174 | D:5      | Noticed Eustachio
  4175 | D:5      | 4175 ||| INVOKING Heroism.
  4185 | D:5      | Reached skill level 6 in Fighting
  4185 | D:5      | Reached XP level 9. HP: 55/55 MP: 6/10
  4191 | D:5      | 4191 ||| INVOKING Heroism.
  4197 | D:5      | Killed Eustachio
  4215 | D:5      | 4215 ||| Stepping ~*~*~tactically~*~*~ (stealth).
  4222 | D:5      | Reached skill level 3 in Invocations
  4247 | D:5      | 4247 ||| INVOKING Heroism.
  4425 | D:5      | 4425 ||| INVOKING Heroism.
  4443 | D:5      | 4443 ||| READING 6 scrolls of identify.
  4443 | D:5      | 4443 ||| IDENTIFYING metallic purple potion
  4444 | D:5      | 4444 ||| READING 5 scrolls of identify.
  4444 | D:5      | 4444 ||| IDENTIFYING viscous cyan potion
  4445 | D:5      | 4445 ||| READING 4 scrolls of identify.
  4445 | D:5      | 4445 ||| IDENTIFYING puce potion
  4446 | D:5      | 4446 ||| DROPPING potion of degeneration.
  4466 | D:6      | Noticed Maggie
  4495 | D:6      | 4495 ||| INVOKING Heroism.
  4498 | D:6      | HP: 11/55 [Maggie/+0 broad axe (12)]
  4499 | D:6      | 4499 ||| READING scroll of teleportation.
  4500 | D:6      | 4500 ||| DRINKING 2 potions of heal wounds.
  4501 | D:6      | Killed Maggie
  4569 | D:6      | Found a staircase to the Ecumenical Temple.
  4731 | D:6      | Reached ** piety under Okawaru
  4732 | D:6      | Reached skill level 9 in Axes
  4744 | D:6      | 4744 ||| INVOKING Heroism.
  4830 | D:6      | 4830 ||| SWAPPING to +0 broad axe.
  4831 | D:6      | 4831 ||| DROPPING +0 war axe of protection.
  4864 | D:6      | 4864 ||| Stepping ~*~*~tactically~*~*~ (stealth).
  5031 | D:6      | Reached skill level 6 in Armour
  5042 | D:6      | 5042 ||| Stepping ~*~*~tactically~*~*~ (stealth).
  5043 | D:6      | 5043 ||| Stepping ~*~*~tactically~*~*~ (stealth).
  5071 | D:6      | 5071 ||| INVOKING Heroism.
  5186 | D:6      | 5186 ||| UPGRADING to +2 pair of gloves.
  5196 | D:6      | 5196 ||| DROPPING +0 pair of gloves.
  5197 | D:6      | 5197 ||| READING scroll labelled BESUTU SEFINO.
  5198 | D:6      | 5198 ||| READING scroll labelled UFECKE GA HOIT.
  5199 | D:6      | 5199 ||| READING scroll labelled GELLAYPARA.
  5200 | D:6      | 5200 ||| READING 3 scrolls of identify.
  5200 | D:6      | 5200 ||| IDENTIFYING sapphire potion
  5201 | D:6      | 5201 ||| DROPPING potion of berserk rage.
  5432 | D:7      | 5432 ||| FLEEEEING.
  5433 | D:7      | 5433 ||| FLEEEEING.
  5434 | D:7      | 5434 ||| FLEEEEING.
  5435 | D:7      | 5435 ||| FLEEEEING.
  5436 | D:7      | 5436 ||| FLEEEEING.
  5437 | D:7      | 5437 ||| FLEEEEING.
  5438 | D:7      | 5438 ||| FLEEEEING.
  5439 | D:7      | 5439 ||| FLEEEEING.
  5440 | D:7      | 5440 ||| FLEEEEING.
  5441 | D:7      | 5441 ||| FLEEEEING.
  5442 | D:7      | 5442 ||| INVOKING Heroism.
  5484 | D:7      | 5484 ||| Stepping ~*~*~tactically~*~*~ (hiding).
  5512 | D:7      | 5512 ||| INVOKING Heroism.
  5517 | D:7      | 5517 ||| Stepping ~*~*~tactically~*~*~ (stealth).
  5529 | D:7      | Noticed a hornet
  5544 | D:7      | 5544 ||| INVOKING Heroism.
  5545 | D:7      | Killed a hornet
  5546 | D:7      | Reached XP level 10. HP: 37/63 MP: 10/13
  5601 | D:7      | 5601 ||| Stepping ~*~*~tactically~*~*~ (stealth).
  5602 | D:7      | 5602 ||| Stepping ~*~*~tactically~*~*~ (stealth).
  5603 | D:7      | 5603 ||| Stepping ~*~*~tactically~*~*~ (stealth).
  5605 | D:7      | 5605 ||| Stepping ~*~*~tactically~*~*~ (stealth).
  5606 | D:7      | 5606 ||| Stepping ~*~*~tactically~*~*~ (stealth).
  6009 | D:8      | Noticed a manticore
  6010 | D:8      | 6010 ||| INVOKING Heroism.
  6023 | D:8      | Killed a manticore
  6024 | D:8      | Reached skill level 10 in Axes
  6066 | D:8      | 6066 ||| INVOKING Heroism.
  6091 | D:8      | Noticed a red ugly thing
  6101 | D:8      | Killed a red ugly thing
  6117 | D:8      | 6117 ||| Stepping ~*~*~tactically~*~*~ (stealth).
  6118 | D:8      | Found a runed translucent gate.
  6118 | D:8      | Found a runed translucent gate.
  6118 | D:8      | Found a runed translucent gate.
  6118 | D:8      | Noticed qw's ghost (novice GrFi)
  6134 | D:8      | Reached *** piety under Okawaru
  6149 | D:8      | Received a gift from Okawaru
  6150 | D:8      | 6150 ||| DRINKING 4 potions of curing.
  6150 | D:8      | 6150 ||| (to cure confusion)
  6162 | D:8      | 6162 ||| DROPPING +0 whip.
  6170 | D:8      | 6170 ||| Stepping ~*~*~tactically~*~*~ (stealth).
  6171 | D:8      | 6171 ||| Stepping ~*~*~tactically~*~*~ (stealth).
  6172 | D:8      | 6172 ||| Stepping ~*~*~tactically~*~*~ (stealth).
  6177 | D:8      | 6177 ||| Stepping ~*~*~tactically~*~*~ (stealth).
  6178 | D:8      | 6178 ||| Stepping ~*~*~tactically~*~*~ (stealth).
  6226 | D:8      | 6226 ||| Stepping ~*~*~tactically~*~*~ (hiding).
  6227 | D:8      | 6227 ||| Stepping ~*~*~tactically~*~*~ (hiding).
  6352 | D:8      | 6352 ||| Stepping ~*~*~tactically~*~*~ (stealth).
  6356 | D:8      | 6356 ||| Stepping ~*~*~tactically~*~*~ (stealth).
  6358 | D:8      | 6358 ||| Stepping ~*~*~tactically~*~*~ (hiding).
  6361 | D:8      | 6361 ||| DRINKING 3 potions of curing.
  6361 | D:8      | 6361 ||| (to cure confusion)
  6367 | D:8      | 6367 ||| DRINKING 2 potions of curing.
  6367 | D:8      | 6367 ||| (to cure confusion)
  6370 | D:8      | 6370 ||| DRINKING potion of curing.
  6370 | D:8      | 6370 ||| (to cure confusion)
  6386 | D:8      | 6386 ||| READING scroll of enchant armour.
  6386 | D:8      | 6386 ||| ENCHANTING +0 cloak.
  6543 | D:8      | 6543 ||| DROPPING orb of wrath.
  6544 | D:8      | Found a basalt altar of Yredelemnul.
  6545 | D:8      | 6545 ||| UPGRADING to scarf of repulsion.
  6579 | D:8      | 6579 ||| UPGRADING to +1 cloak.
  6584 | D:8      | 6584 ||| UPGRADING to scarf of repulsion.
  6708 | D:8      | 6708 ||| READING scroll labelled APSACHALIL.
  6709 | D:8      | 6709 ||| READING scroll labelled YGGA JIRAER.
  6710 | D:8      | 6710 ||| DRINKING 3 bubbling silvery potions.
  6811 | D:8      | 6811 ||| DROPPING 2 potions of ambrosia.
  6845 | D:9      | 6845 ||| INVOKING Heroism.
  6846 | D:9      | 6846 ||| STAIRDANCE
  6922 | D:9      | 6922 ||| STAIRDANCE
  6989 | D:9      | 6989 ||| STAIRDANCE
  6999 | D:8      | Reached skill level 3 in Throwing
  7063 | D:9      | 7063 ||| STAIRDANCE
  7148 | D:9      | 7148 ||| Stepping ~*~*~tactically~*~*~ (hiding).
  7160 | D:9      | 7160 ||| INVOKING Heroism.
  7183 | D:9      | 7183 ||| INVOKING Heroism.
  7226 | D:9      | 7226 ||| DROPPING +0 flail.
  7244 | D:9      | 7244 ||| Stepping ~*~*~tactically~*~*~ (stealth).
  7248 | D:9      | 7248 ||| Stepping ~*~*~tactically~*~*~ (hiding).
  7257 | D:9      | 7257 ||| Stepping ~*~*~tactically~*~*~ (stealth).
  7262 | D:9      | 7262 ||| Stepping ~*~*~tactically~*~*~ (stealth).
  7264 | D:9      | 7264 ||| INVOKING Heroism.
  7282 | D:9      | 7282 ||| DROPPING +4 flail.
  7484 | D:9      | 7484 ||| Stepping ~*~*~tactically~*~*~ (hiding).
  7514 | D:9      | Identified the ring "Wesoliv" {rC++ rN+ Str-2 Int-2 SInv}
  7610 | D:9      | 7610 ||| INVOKING Heroism.
  7660 | D:9      | 7660 ||| INVOKING Heroism.
  7877 | D:9      | Found a burning altar of Makhleb.
  7877 | D:9      | Noticed a manticore
  7878 | D:9      | 7878 ||| Stepping ~*~*~tactically~*~*~ (hiding).
  7879 | D:9      | 7879 ||| INVOKING Heroism.
  7888 | D:9      | Killed a manticore
  7889 | D:9      | Reached skill level 11 in Axes
  7933 | D:9      | Found an opulent altar of Gozag.
  7938 | D:9      | 7938 ||| UPGRADING to ring "Wesoliv" {rC++ rN+ Str-2 Int-2
                  | SInv}.
  7939 | D:9      | 7939 ||| DROPPING ring of flight.
  7940 | D:9      | 7940 ||| READING 4 scrolls of identify.
  7940 | D:9      | 7940 ||| IDENTIFYING fizzy orange potion
  7941 | D:9      | 7941 ||| READING 3 scrolls of identify.
  7941 | D:9      | 7941 ||| IDENTIFYING black potion
  7942 | D:9      | 7942 ||| DROPPING potion of brilliance.
  7992 | D:10     | Entered Level 10 of the Dungeon
  8034 | D:10     | 8034 ||| INVOKING Heroism.
  8037 | D:10     | Reached **** piety under Okawaru
  8038 | D:10     | Reached XP level 11. HP: 62/68 MP: 11/14
  8083 | D:10     | Found a white marble altar of Elyvilon.
  8103 | D:10     | 8103 ||| Stepping ~*~*~tactically~*~*~ (stealth).
  8107 | D:10     | Received a gift from Okawaru
  8338 | D:10     | Found a portal to a secret trove of treasure.
  8339 | D:10     | 8339 ||| INVOKING Heroism.
  8400 | D:10     | Noticed Josephine
  8401 | D:10     | 8401 ||| Stepping ~*~*~tactically~*~*~ (hiding).
  8424 | D:10     | Killed Josephine
  8425 | D:10     | Reached skill level 9 in Fighting
  8432 | D:10     | 8432 ||| INVOKING Heroism.
  8446 | D:10     | 8446 ||| INVOKING Heroism.
  8517 | D:10     | 8517 ||| INVOKING Heroism.
  8562 | D:10     | Identified the +3 leather armour "Dixiol" {rElec Int+2}
  8574 | D:10     | Found a staircase to the Orcish Mines.
  8577 | D:10     | 8577 ||| Stepping ~*~*~tactically~*~*~ (hiding).
  8582 | D:10     | 8582 ||| Stepping ~*~*~tactically~*~*~ (hiding).
  8584 | D:10     | 8584 ||| Stepping ~*~*~tactically~*~*~ (stealth).
  8587 | D:10     | 8587 ||| INVOKING Heroism.
  8590 | D:10     | 8590 ||| Stepping ~*~*~tactically~*~*~ (hiding).
  8629 | D:10     | 8629 ||| Stepping ~*~*~tactically~*~*~ (stealth).
  8632 | D:10     | 8632 ||| INVOKING Heroism.
  8637 | D:10     | Reached skill level 6 in Invocations
  8639 | D:10     | 8639 ||| Stepping ~*~*~tactically~*~*~ (stealth).
  8674 | D:10     | 8674 ||| Stepping ~*~*~tactically~*~*~ (stealth).
  8677 | D:10     | 8677 ||| Stepping ~*~*~tactically~*~*~ (hiding).
  8679 | D:10     | 8679 ||| FLEEEEING.
  8681 | D:10     | 8681 ||| FLEEEEING.
  8690 | D:10     | 8690 ||| FLEEEEING.
  8691 | D:10     | 8691 ||| FLEEEEING.
  8703 | D:10     | 8703 ||| FLEEEEING.
  8704 | D:10     | 8704 ||| FLEEEEING.
  8705 | D:10     | 8705 ||| FLEEEEING.
  8713 | D:10     | 8713 ||| INVOKING Heroism.
  8747 | D:10     | Found a radiant altar of Vehumet.
  8784 | D:10     | 8784 ||| Stepping ~*~*~tactically~*~*~ (stealth).
  8785 | D:10     | 8785 ||| Stepping ~*~*~tactically~*~*~ (stealth).
  8922 | D:10     | 8922 ||| DROPPING +1 pair of gloves.
  8923 | D:10     | 8923 ||| UPGRADING to ring of fire.
  8924 | D:10     | 8924 ||| READING 5 scrolls of identify.
  8924 | D:10     | 8924 ||| IDENTIFYING lumpy dark potion
  8960 | D:11     | 8960 ||| READING scroll of enchant armour.
  8960 | D:11     | 8960 ||| ENCHANTING +0 plate armour.
  8997 | D:11     | 8997 ||| INVOKING Heroism.
  9051 | D:11     | 9051 ||| Stepping ~*~*~tactically~*~*~ (hiding).
  9112 | D:11     | 9112 ||| Stepping ~*~*~tactically~*~*~ (hiding).
  9113 | D:11     | 9113 ||| Stepping ~*~*~tactically~*~*~ (hiding).
  9114 | D:11     | 9114 ||| Stepping ~*~*~tactically~*~*~ (hiding).
  9223 | D:11     | Noticed Snorg
  9224 | D:11     | 9224 ||| INVOKING Heroism.
  9232 | D:11     | HP: 17/71 [Snorg (15)]
  9233 | D:11     | 9233 ||| READING scroll of teleportation.
  9234 | D:11     | 9234 ||| DRINKING 4 potions of heal wounds.
  9236 | D:11     | HP: 6/71 [Snorg (14)]
  9236 | D:11     | HP: 2/71 [Snorg (4)]
  9237 | D:11     | 9237 ||| DRINKING 3 potions of heal wounds.
  9238 | D:11     | 9238 ||| DRINKING 2 potions of heal wounds.
  9279 | D:11     | 9279 ||| INVOKING Heroism.
  9293 | D:11     | HP: 12/71 [Snorg (13)]
  9294 | D:11     | 9294 ||| DRINKING potion of heal wounds.
  9296 | D:11     | Slain by Snorg

Levels and vault maps discovered:
D:1:      lemuel_arrival_behind_the_door_large, layout_basic,
          hellmonk_ecumenical_altar_leap_of_faith, minivault_11,
          minmay_misc_feat_more_columns
D:2:      layout_basic, uniq_jessica
D:3:      layout_loops_corners, lightli_corner_chamber, uniq_sigmund, uniq_ijyb
D:4:      layout_cave_pools, mainiacjoe_overflow_tiny_flanked,
          gammafunk_temple_overflow_elements, serial_undead, serial_undead_b,
          serial_undead_f, serial_undead_f, serial_undead_d, serial_undead_c,
          serial_undead_b, nicolae_ossuary_entry_catacombs,
          minmay_misc_feat_diagonals, dreamdust_princess_corridor,
          grunt_ministairs_4, kennysheep_diamond
D:5:      layout_rooms, lemuel_round_altar, uniq_blork_the_orc, uniq_eustachio
D:6:      minmay_evil_eye, layout_basic, minmay_temple_entry_statues_pillars,
          uniq_maggie
D:7:      layout_basic
D:8:      layout_basic, nicolae_yredelemnul_ghost_church,
          grunt_decor_mini_mirrors, minmay_holes, grunt_ogre_cave
D:9:      layout_roguey, amethyst_overflow_temple_binary
D:10:     layout_basic, marbit_many_paths, elyvilon_altar_1, david_orc_1_choice,
          enter_trove_2, uniq_josephine
D:11:     layout_rooms, david_lair_shrubbed, uniq_snorg

Skill      XL: |  1  2  3  4  5  6  7  8  9 10 11 |
---------------+----------------------------------+-----
Axes           | 2 3 5 6 7 8 9 11 | 11.6
Fighting       | 4 5 6 7 8 9 |  9.1
Dodging        | 1 |  1.0
Armour         | 5 6 7 |  7.1
Throwing       | 1 3 4 |  4.1
Invocations    | 1 4 6 |  6.7
Shields        | 4 5 |  5.0

Action                   |  1- 3 |  4- 6 |  7- 9 | 10-12 || total
-------------------------+-------+-------+-------+-------++-------
Melee: War axe           |    83 |   118 |   340 |       ||   541
       Broad axe         |       |       |    90 |   394 ||   484
Throw: Boomerang         |       |       |    46 |    20 ||    66
       Javelin           |       |       |       |    23 ||    23
Invok: Heroism           |       |       |    10 |    20 ||    30
  Use: Scroll            |     1 |     6 |     9 |     8 ||    24
       Potion            |       |     1 |     2 |     9 ||    12
Armor: Scale mail        |    46 |    42 |    87 |       ||   175
       Plate armour      |       |       |   203 |   325 ||   528
Dodge: Dodged            |    32 |    43 |   130 |   134 ||   339
       Repelled          |       |       |       |     2 ||     2
Block: Buckler           |    16 |    18 |    75 |    91 ||   200

Table legend:
 A = Non-vault XP
 B = Vault XP
 C = Vault XP percentage of total XP
 D = Non-vault monster count
 E = Vault monster count
 F = Vault count percentage of total count
                 A         B        C        D         E       F
            +---------+---------+-------+---------+---------+-------
      Total |   10252 |    4639 |  31.2 |     184 |      45 |  19.7
            +---------+---------+-------+---------+---------+-------
        D:1 |      37 |       0 |   0.0 |      24 |       0 |   0.0
        D:2 |      72 |      37 |  33.9 |      14 |       1 |   6.7
        D:3 |     193 |     271 |  58.4 |      21 |       2 |   8.7
        D:4 |     381 |     919 |  70.7 |      11 |      20 |  64.5
        D:5 |     615 |     303 |  33.0 |      12 |       2 |  14.3
        D:6 |     795 |     490 |  38.1 |      11 |       3 |  21.4
        D:7 |     578 |       0 |   0.0 |      14 |       0 |   0.0
        D:8 |    1877 |     321 |  14.6 |      24 |       3 |  11.1
        D:9 |    1857 |       0 |   0.0 |      28 |       0 |   0.0
       D:10 |    3308 |    2298 |  41.0 |      22 |      14 |  38.9
       D:11 |     539 |       0 |   0.0 |       3 |       0 |   0.0
            +---------+---------+-------+---------+---------+-------
